 Dungeon Crawl Stone Soup version 0.27-a0-836-gfc908b8576 (webtiles) character file.

Game seed: 9426764747505609505

62 polve the Changer (level 3, -7/28 HPs)
             Began as a Draconian Transmuter on Apr 1, 2021.
             Killed by divine providence
             ... invoked by an orc priest
              (11 damage)
             ... on level 3 of the Dungeon.
             The game lasted 00:01:57 (2591 turns).

polve the Changer (Draconian Transmuter)            Turns: 2591, Time: 00:01:58

Health: -7/28      AC:  5    Str: 12    XL:     3   Next: 85%
Magic:  6/6        EV: 12    Int: 14    God:
Gold:   105        SH:  0    Dex: 11    Spells: 5/6 levels left

rFire    . . .     SeeInvis .     - Unarmed
rCold    . . .     Faith    .   (no shield)
rNeg     . . .     Spirit   .   (armour unavailable)
rPois    .         Reflect  .   (helmet restricted)
rElec    .         Harm     .   (no cloak)
rCorr    .         Rampage  .   (no gloves)
Will     .....                  (no boots)
Stlth    +.........             (no amulet)
HPRegen  0.09/turn              (no ring)
MPRegen  0.10/turn              (no ring)

@: no status effects
A: AC +5, unfitting armour, cold-blooded
a: no special abilities


You were on level 3 of the Dungeon.
You visited 1 branch of the dungeon, and saw 3 of its levels.

You collected 105 gold pieces.

Inventory:

Jewellery
 h - a ring of flight
Scrolls
 c - a scroll of immolation {unknown}
 d - a scroll of fog {unknown}
 j - a scroll of noise {unknown}
Potions
 a - a potion of haste {unknown}
 b - a potion of curing {unknown}
 e - a potion of might
 g - a potion of berserk rage {unknown}
 i - a potion of magic {unknown}


   Skills:
 - Level 1.1 Fighting
 - Level 1.7 Dodging
 - Level 3.0 Unarmed Combat
 - Level 2.0 Spellcasting
 + Level 4.2 Transmutations


You had 5 spell levels left.
You knew the following spells:

 Your Spells              Type           Power      Damage    Failure   Level
a - Beastly Appendage     Tmut           26%        N/A       4%          1

Your spell library contained the following spells:

 Spells                   Type           Power      Damage    Failure   Level
 Wereblood                Tmut           13%        N/A       6%          2
 Spider Form              Tmut/Pois      3%         N/A       30%         3
 Ice Form                 Ice/Tmut       7%         N/A       69%         4
 Hydra Form               Tmut           6%         N/A       75%         5


Dungeon Overview and Level Annotations

Branches:
Dungeon (3/15)

Altars:
Ashenzari

Shops:
D:2 *


Innate Abilities, Weirdness & Mutations

Your plain brown scales are hard. (AC +5)
You cannot fit into any form of body armour.
You are cold-blooded and may be slowed by cold attacks.


Message History

The giant cockroach bites you.
An endoplasm comes into view.
The giant cockroach bites you but does no damage.
You hit the giant cockroach but do no damage.
The orc priest invokes the aid of Beogh against you.
Pain shoots through your body!
The giant cockroach bites you but does no damage.
You are too injured to fight recklessly!
You are too injured to fight recklessly!
You are too injured to fight recklessly!
You are too injured to fight recklessly!
You are too injured to fight recklessly!
You are too injured to fight recklessly!
The orc priest invokes the aid of Beogh against you.
Beogh smites you!
* * * LOW HITPOINT WARNING * * *
You hear a shout!
The ball python bites you but does no damage.
The ball python grabs you.
* * * LOW HITPOINT WARNING * * *
The ball python constricts you.
The ball python's grasp on you weakens, but your attempt to escape fails.
An orc comes into view. It is wielding a +0 club.
The ball python barely misses you. The ball python constricts you.
It was a potion of might.
You feel very mighty all of a sudden.
An orc comes into view. It is wielding a +0 dagger.
The ball python bites you but does no damage.
* * * LOW HITPOINT WARNING * * *
The ball python constricts you.
You barely miss the ball python. You claw the ball python.
You kill the ball python!
The orc priest looks braver for a moment.
It was a potion of cancellation.
Your magical effects are unravelling.
You feel magically purged.
Your horns disappear.
Your talons disappear.
You feel a little less mighty now.
The orc priest invokes the aid of Beogh against you.
Beogh smites you!
You die...

#.# .......#... #.# #.#
#.#.#.#... ...# #.#
#.....J.#. ... #.#
#....#..# ..#+## ###.#
#.....o##.....# .<..#
#..#.o........ .####
###..Bo........
..###########.###†##.......
................@o.+.......
.....########...####.......
.###†# #..## #...... .# #.#
#.## #..... .###.# #...
#...# .....# #... #+##
##.### #...# #.# #.### #.#


You could see an orc priest, 3 orcs and a giant cockroach.

Vanquished Creatures
  2 adders (D:2)
  A dart slug (D:2)
  4 endoplasms (D:1)
  2 goblins (D:2)
  6 hobgoblins
  4 jackals (D:2)
  2 ball pythons (D:3)
  5 bats
  2 frilled lizards
  7 kobolds
  6 rats
41 creatures vanquished.

Notes
Turn   | Place    | Note
-------+----------+-------------------------------------------
     0 | D:1      | polve the Draconian Transmuter began the quest for the Orb.
     0 | D:1      | Reached XP level 1. HP: 16/16 MP: 3/3
   176 | D:1      | Reached XP level 2. HP: 11/23 MP: 3/5
   531 | D:1      | Reached skill level 3 in Transmutations
  1135 | D:2      | Reached XP level 3. HP: 24/28 MP: 4/6
  1208 | D:2      | Found a broken altar of Ashenzari.
  1616 | D:2      | Found Qameul's Assorted Antiques.
  1733 | D:2      | Reached skill level 4 in Transmutations
  2591 | D:3      | Killed from afar by an orc priest

Illustrated notes

Levels and vault maps discovered:
D:1:      dpeg_arrival_refuge, layout_basic
D:2:      layout_basic, nicolae_ashenzari_panopticon, serial_shops,
          nicolae_shop_statue_plus, st_stairs_6
D:3:      layout_loops_corners, led_xom_imps,
          nicolae_hepliaklqana_monster_ancestors, chequers_mini_garden,
          hangedman_decor_opposing, fountainhead, minmay_increasing_density

Skill      XL: |  1  2  3 |
---------------+----------+-----
Transmutations | 3 4 |  4.2
Fighting       | |  1.1
Dodging        | |  1.7
Unarmed Combat | |  3.0
Spellcasting   | |  2.0

Action                   || total
-------------------------++-------
Melee: Unarmed           ||   113
       Kick              ||    16
       Tailslap          ||     9
       Headbutt          ||     9
 Cast: Beastly Appendage ||    18
  Use: Potion            ||     2
 Stab: Sleeping          ||     1
Armor: Skin              ||    39
Dodge: Dodged            ||    79

Table legend: (Time is in decaauts)
 A = Elapsed time spent in this place.
 B = Non-inter-level travel time spent in this place.
 C = Inter-level travel time spent in this place.
 D = Time resting spent in this place.
 E = Time spent auto-exploring this place.
 F = Levels seen in this place.
 G = Mean time per level.
                   A        B        C        D        E       F      G
               +--------+--------+--------+--------+--------+-----+--------+
         Total |   2585 |   2527 |     58 |      0 |   2250 |   3 |  861.7 |
       Dungeon |   2585 |   2527 |     58 |      0 |   2250 |   3 |  861.7 |
               +--------+--------+--------+--------+--------+-----+--------+

Top non-repeatable levels by time:
     D:2: 1489 daAuts
     D:1: 896 daAuts
     D:3: 199 daAuts
